 Dungeon Crawl Stone Soup version 0.27-a0-1191-g601b473118 (webtiles) character file.

Game seed: 6201994735424348983

110951 shoop the Scholar (level 16, 0/121 (123) HPs)
             Began as a Demonspawn Artificer on May 23, 2021.
             Was an Elder of Sif Muna.
             Slain by a bunyip (9 damage)
             ... on level 1 of the Swamp.
             The game lasted 01:31:29 (29546 turns).

shoop the Scholar (Demonspawn Artificer)           Turns: 29546, Time: 01:31:30

HP:   0/121 (123)   AC: 29    Str: 23    XL:     16   Next: 8%
MP:   27/27         EV: 18    Int: 15    God:    Sif Muna [****..]
Gold: 1206          SH:  0    Dex: 17    Spells: 18/25 levels left

rFire    . . .     SeeInvis +   a - +9 hunting sling of Lupseuv {freeze, rPois}
rCold    + + .     Faith    +   P - +0 buckler {rC+}
rNeg     . . .     Spirit   .   f - +7 scale mail of Light {Fly Regen+ rCorr Stlth-}
rPois    +         Reflect  .   (helmet restricted)
rElec    .         Harm     +   y - scarf {harm}
rCorr    +         Rampage  .   w - +2 pair of gloves
Will     +....                  F - +0 pair of boots
Stlth    ..........             q - amulet "Sogitt" {Faith Regen+ Str+9}
HPRegen  2.30/turn              U - ring of see invisible
MPRegen  0.20/turn              B - ring of protection from cold

@: confused, lethally poisoned (0 -> 0), in a tornado, ambrosia-drunk, sanguine
armoured, flying, lightly drained
A: antennae 2, ignite blood 2, spiny 2, sanguine armour 2
a: Renounce Religion, Channel Magic, Forget Spell, Divine Exegesis


You were on level 1 of the Swamp.
You worshipped Sif Muna.
Sif Muna was greatly pleased with you.
You visited 4 branches of the dungeon, and saw 24 of its levels.
You also visited: Sewer, Bailey and Ice Cave.

You collected 2598 gold pieces.
You spent 1392 gold pieces at shops.

Inventory:

Hand Weapons
 a - the +9 hunting sling of Lupseuv (weapon) {freeze, rPois}
   (You found it on level 2 of the Dungeon)

   It causes projectiles fired from it to freeze those they strike, causing
   extra injury to most foes and up to half again as much damage against
   particularly susceptible opponents.
   They can also slow down cold-blooded creatures.
   It protects you from poison.
Missiles
 t - 351 stones (quivered ammo)
 K - 154 sling bullets
 Z - 4 boomerangs of dispersal
Armour
 f - the +7 scale mail of Light (worn) {Fly Regen+ rCorr Stlth-}
   (You found it in an ice cave)

   It grants you flight.
   It increases your rate of health regeneration.
   It protects you from acid and corrosion.
   It makes you less stealthy.
 i - a scarf of repulsion
 w - a +2 pair of gloves (worn)
 y - a scarf of harm (worn)
 F - a +0 pair of boots (worn)
 P - a +0 buckler of cold resistance (worn)
Jewellery
 b - a ring of protection from fire
 q - the amulet "Sogitt" (around neck) {Faith Regen+ Str+9}
   (You found it on level 1 of the Lair of Beasts)

   [amulet of faith]

   It allows you to gain divine favour quickly.
   It affects your strength (+9).
   It increases your rate of health regeneration.
 s - a ring of flight
 B - a ring of protection from cold (right hand)
 I - the ring "Henuuses" {Ice rN+ Will+ Dex+2}
   (You bought it in a shop on level 14 of the Dungeon)

   [ring of ice]

   It enhances your ice magic.
   It affects your dexterity (+2).
   It makes you vulnerable to fire.
   It protects you from cold.
   It protects you from negative energy.
   It increases your willpower.
 J - a +6 ring of intelligence
 R - a ring of resist corrosion
 U - a ring of see invisible (left hand)
Wands
 c - a wand of polymorph (22)
 d - a wand of charming (10)
 v - a wand of mindburst (46)
 z - a wand of acid (6)
 G - a wand of paralysis (19)
Scrolls
 h - a scroll of fear
 j - 8 scrolls of teleportation
 n - 11 scrolls of fog
 o - a scroll of magic mapping
 u - 4 scrolls of enchant weapon
 C - 2 scrolls of silence
 E - 4 scrolls of amnesia
 H - 6 scrolls of vulnerability
 M - 2 scrolls of immolation
 O - 5 scrolls of blinking {unknown}
 S - 3 scrolls of summoning
Potions
 g - 5 potions of attraction {unknown}
 k - 12 potions of curing
 l - 4 potions of cancellation
 m - a potion of might
 r - 5 potions of magic {unknown}
 x - a potion of resistance
 A - 5 potions of flight
 D - a potion of heal wounds
 L - 3 potions of haste
 N - 3 potions of invisibility
 Q - a potion of brilliance
 W - 2 potions of lignification
 Y - 3 potions of ambrosia
Miscellaneous
 e - a piece from Xom's chessboard (15/15)
 T - a condenser vane
 V - a phantom mirror
 X - a phial of floods


   Skills:
 + Level 10.5 Fighting
 - Level 2.0 Polearms
 - Level 11.9(12.0) Slings
 - Level 1.5(7.9) Throwing
 - Level 9.5 Armour
 - Level 14.0 Dodging
 - Level 4.0 Stealth
 - Level 4.0 Shields
 - Level 5.2 Spellcasting
 - Level 4.0 Translocations
 - Level 4.0 Transmutations
 - Level 5.0 Air Magic
 - Level 3.0 Earth Magic
 - Level 15.0 Invocations
 - Level 6.0 Evocations


You had 18 spell levels left.
You knew the following spells:

 Your Spells              Type           Power      Damage    Failure   Level
a - Swiftness             Air            18%        N/A       13%         3
b - Blink                 Tloc           N/A        N/A       10%         2
p - Passwall              Tmut/Erth      11%        N/A       12%         2

Your spell library contained the following spells:

 Spells                   Type           Power      Damage    Failure   Level
 Beastly Appendage        Tmut           30%        N/A       7%          1
 Sandblast                Erth           24%        2d8       10%         1
 Wereblood                Tmut           15%        N/A       10%         2
 Shock                    Conj/Air       44%        1d5       12%         1
 Corpse Rot               Necr/Air       N/A        N/A       19%         2
 Poisonous Vapours        Pois/Air       22%        N/A       19%         2
 Gell's Gravitas          Tloc           7%         N/A       21%         3
 Lesser Beckoning         Tloc           7%         N/A       21%         3
 Teleport Other           Tloc           15%        N/A       21%         3
 Animate Skeleton         Necr           6%         N/A       34%         1
 Pain                     Necr           12%        1d4       34%         1
 Summon Small Mammal      Summ           12%        N/A       34%         1
 Spider Form              Tmut/Pois      4%         N/A       41%         3
 Call Imp                 Summ           3%         N/A       45%         2
 Ensorcelled Hibernation  Hex/Ice        6%         N/A       45%         2
 Sublimation of Blood     Necr           1%         N/A       45%         2
 Mephitic Cloud           Conj/Pois/Air  8%         N/A       45%         3
 Stone Arrow              Conj/Erth      16%        3d8       50%         3
 Ignite Poison            Fire/Tmut/Pois 7%         N/A       52%         3
 Petrify                  Tmut/Erth      14%        N/A       63%         4
 Call Canine Familiar     Summ           3%         N/A       71%         3
 Confusing Touch          Hex            3%         N/A       71%         3
 Conjure Flame            Conj/Fire      3%         6-21      71%         3
 Summon Guardian Golem    Hex/Summ       3%         N/A       71%         3
 Vampiric Draining        Necr           1%         2d6       71%         3
 Summon Lightning Spire   Summ/Air       11%        N/A       77%         4
 Ice Form                 Ice/Tmut       9%         N/A       83%         4
 Iskenderun's Mystic Bla  Conj/Tloc      9%         2d4       83%         4
 Animate Armour           Summ/Erth      16%        N/A       88%         4
 Hydra Form               Tmut           7%         N/A       88%         5
 Lee's Rapid Deconstruct  Erth           6%         3d7*      95%         5
 Animate Dead             Necr           1%         N/A       98%         4
 Fulminant Prism          Conj/Hex       1%         3d6       98%         4
 Summon Ice Beast         Ice/Summ       3%         N/A       98%         4
 Silence                  Hex/Air        5%         N/A       98%         5
 Alistair's Intoxication  Tmut/Pois      6%         N/A       99%         5
 Bolt of Magma            Conj/Fire/Erth 3%         4d5       99%         5
 Borgnjor's Vile Clutch   Necr/Erth      4%         N/A       99%         5
 Irradiate                Conj/Tmut      4%         3d15      99%         5
 Yara's Violent Unravell  Hex/Tmut       4%         3d4       99%         5
 Agony                    Necr           3%         N/A       100%        5
 Fireball                 Conj/Fire      1%         3d3       100%        5
 Iskenderun's Battlesphe  Conj           3%         2d6       100%        5
 Metabolic Englaciation   Hex/Ice        1%         N/A       100%        5
 Summon Mana Viper        Hex/Summ       3%         N/A       100%        5
 Conjure Ball Lightning   Conj/Air       5%         3x3d6     100%        6
 Death Channel            Necr           1%         N/A       100%        6
 Dispersal                Tloc           7%         N/A       100%        6
 Eringya's Noxious Bog    Tmut/Pois      4%         N/A       100%        6
 Freezing Cloud           Conj/Ice/Air   4%         6-21      100%        6
 Iron Shot                Conj/Erth      4%         9d2       100%        6
 Shadow Creatures         Summ           N/A        N/A       100%        6
 Simulacrum               Ice/Necr       1%         N/A       100%        6
 Starburst                Conj/Fire      1%         8x6d3     100%        6
 Haunt                    Necr/Summ      1%         N/A       100%        7
 Orb of Destruction       Conj           1%         N/A       100%        7
 Ozocubu's Refrigeration  Ice            1%         4d5       100%        7
 Spellforged Servitor     Conj/Summ      1%         N/A       100%        7
 Borgnjor's Revivificati  Necr           1%         N/A       100%        8
 Chain Lightning          Conj/Air       5%         N/A       100%        8
 Infestation              Necr           1%         N/A       100%        8
 Necromutation            Tmut/Necr      4%         N/A       100%        8
 Death's Door             Necr           1%         N/A       100%        9
 Tornado                  Air            9%         N/A       100%        9


Dungeon Overview and Level Annotations

Branches:
Dungeon (15/15)            Temple (0/1) D:6            Lair (6/6) D:9
  Swamp (1/4) Lair:3       Spider (0/4) Lair:2        Slime (0/5) Lair:5
    Orc (2/2) D:12            Elf (0/3) Orc:2        Vaults (0/5) D:13
  Sewer (visited)          Bailey (visited)           IceCv (visited)
 Depths: D:15

Altars:
Dithmenos
Gozag
Hepliaklqana
Kikubaaqudgha
Makhleb
Qazlal
Sif Muna
Vehumet
Xom
Beogh
Jiyva

Shops:
D:1 ?   D:6 :   D:13 ?*   D:14 (:=*:   D:15 *   Orc:1 *   Orc:2 (([(

Annotations:
D:10 exclusions: boulder beetle and orc wizard, Maggie
Lair:5 1 runed translucent door


Innate Abilities, Weirdness & Mutations

You have a pair of antennae on your head.
Your demonic aura often causes spilled blood to erupt in flames.
You are mostly covered in sharp spines.
When seriously injured, your bleeding wounds create thick armour. (AC +9)


Message History

The spectral death drake bites you.
* * * LOW HITPOINT WARNING * * *
The spectral spriggan air mage is engulfed in blazing flames.
The spectral spriggan air mage is struck by your spines.
The spectral spriggan air mage barely misses you.
The alligator bites you but does no damage.
The alligator tail-slaps you but does no damage.
You are confused.
You feel invigorated.
You are engulfed in spectral mist.
* * * LOW HITPOINT WARNING * * *
A tree falls to the hurricane!
You feel sick.
The spectral death drake fades away!
The alligator is engulfed in spectral mist.
The alligator puts on a burst of speed!
The spectral death drake is struck by your spines.
The spectral death drake bites you.
* * * LOW HITPOINT WARNING * * *
You feel drained.
The spectral spriggan air mage is struck by your spines.
You destroy the spectral spriggan air mage!
The ghost crab is struck by your spines.
The ghost crab misses you. The ghost crab claws you.
* * * LOW HITPOINT WARNING * * *
Unknown command.
You are engulfed in spectral mist.
* * * LOW HITPOINT WARNING * * *
A tree falls to the hurricane! x2; You feel sick.
You hear a shout!
The spectral spriggan berserker fades away!
The bunyip is engulfed in spectral mist.
The spectral death drake bites you but does no damage.
The alligator bites you.
* * * LOW HITPOINT WARNING * * *
The alligator misses you.
The spectral spriggan air mage hits you but does no damage.
A spriggan druid comes into view. It is wielding a +0 quarterstaff.
The ghost crab breathes spectral mist at you.
The spectral mist engulfs you but does no damage.
The bunyip claws you!
You die...

♣≈...≈.≈≈≈≈.♣.≈≈≈..♣≈ ♣.
...≈≈≈≈≈≈≈.♣≈.....≈≈ ♣..
§.≈≈≈..≈.♣♣.≈..≈≈≈.
i♣§§♣♣§§§§§§§...≈≈≈≈.≈§≈
.≈♣§§§§§§§§§§.≈≈≈≈≈≈≈.≈≈
.≈§°§§§§§§○§...≈≈≈≈≈.≈≈
.≈♣♣§§§§§§§§§.>≈≈≈≈≈≈.§§
.♣.§°☼ttZ§Z§§..≈≈≈≈≈≈.≈§
...§§§Z@§§§♣♣..≈≈≈≈≈≈.≈≈
..§♣§°xZ°°§§§.≈≈≈≈≈≈.†≈≈
♣§§§§Z§§§§§..≈≈≈≈≈..≈≈
♣§§§§(§○♣♣♣≈.≈≈≈....≈.
♣♣§§Z§§○§ ♣♣♣......§.♣
♣§§§§§§§§§ ♣≈.≈≈≈†.≈≈
.≈♣((≈§.≈♣♣. ♣♣.♣♣≈...≈
.....≈≈(.♣♣ ♣♣♣♣♣≈.[.♣..
.≈≈≈≈≈○.♣♣ ♣♣...≈≈≈.§.≈


You could see a bunyip (catching breath), an alligator (swift), a ghost crab, a
spriggan druid, a spectral death drake (summoned), 2 spectral spriggan
berserkers and 3 spectral spriggan air magi.

Vanquished Creatures
  Jorgrun (D:12)
  3 orc warlords
  Aizul (Swamp:1)
  Nessos (Orc:2)
  A bunyip (Swamp:1)
  Snorg (Lair:3)
  A vault guard (D:13)
  3 boulder beetles
  7 centaur warriors
  Erica (D:12)
  10 hydras
  2 catoblepae
  5 two-headed ogres
  2 death knights
  An alligator (Swamp:1)
  A spriggan berserker (Swamp:1)
  3 orc high priests (Orc:2)
  Urug (Lair:1)
  Sonja (D:12)
  Nergalle (Lair:3)
  4 skeletal warriors (D:15)
  2 goliath frogs (Swamp:1)
  The ghost of Tipnoph the Ruffian, a novice DrTm of Makhleb (Lair:1)
  A wizard (D:14)
  A wolf spider (Lair:6)
  Pikel (D:6)
  A deep elf archer (D:14)
  4 orc knights
  A necromancer (Lair:2)
  16 ugly things
  3 deep elf pyromancers
  6 cyclopes
  5 oklob plants (Lair:6)
  5 elephants (Lair:2)
  4 manticores
  7 orc sorcerers (Orc:2)
  A will-o-the-wisp (Swamp:1)
  A gargoyle (D:11)
  3 ice statues (IceCv)
  A guardian serpent (Lair:6)
  4 black mambas
  11 cane toads
  A yaktaur (D:12)
  3 rime drakes
  A kobold demonologist (D:12)
  2 ice devils (Lair:1)
  An unseen horror (D:11)
  2 efreet
  9 komodo dragons
  A tengu conjurer (D:14)
  11 trolls
  2 jumping spiders (Lair:2)
  8 tyrant leeches
  A polar bear (Lair:1)
  2 meliai
  A wolf spider simulacrum (D:14)
  A bloated husk (Swamp:1)
  A queen bee (Lair:1)
  10 slime creatures
  4 hornets
  6 dream sheep (Lair:3)
  19 blink frogs
  A centaur simulacrum (D:13)
  7 redbacks
  3 shadows
  3 wraiths
  14 wyverns
  A vampire (D:11)
  33 yaks
  Eustachio (D:5)
  A basilisk (shapeshifter) (D:15)
  6 basilisks
  6 vampire mosquitoes
  Edmund (D:5)
  3 swamp worms
  An acid dragon (D:13)
  28 water moccasins
  30 orc warriors
  3 black bears
  7 ice beasts
  A swamp drake (Swamp:1)
  2 necrophages
  2 sky beasts
  15 wolves
  3 ogres
  9 centaurs
  A lemure (D:6)
  A phantom (D:7)
  7 kobold brigands
  7 bullfrogs
  A wyvern zombie (D:9)
  A gnoll sergeant (D:7)
  A wyvern skeleton (D:7)
  10 killer bees
  7 electric eels (D:11)
  19 wights
  6 howler monkeys
  A bullfrog zombie (D:6)
  5 centaur zombies
  A hound (D:5)
  21 orc priests
  2 bullfrog skeletons
  2 iguanas
  Ijyb (D:3)
  Terence (D:2)
  25 orc wizards
  4 polar bear simulacra (Lair:2)
  4 yak simulacra (Lair:2)
  A wolf simulacrum (Lair:2)
  Robin (D:3)
  6 gnolls
  11 adders
  A river rat (Sewer)
  A shadow imp (D:7)
  2 white imps
  4 worms
  A dart slug (D:2)
  67 orcs
  12 ball pythons
  3 bats
  10 endoplasms
  5 giant cockroaches
  10 hobgoblins
  3 quokkas
  A frilled lizard (D:1)
  13 goblins
  3 kobolds
  9 rats
  2 river rat simulacra (Lair:2)
691 creatures vanquished.

Vanquished Creatures (collateral kills)
  An orc knight (Bailey)
  6 orc warriors
  2 orcs
9 creatures vanquished.

Vanquished Creatures (others)
  A swamp worm (Swamp:1)
  An orc warrior (Bailey)
  2 foxfires (Swamp:1)
  32 fungi
  78 plants
114 creatures vanquished.

Grand Total: 814 creatures vanquished

Notes
Turn   | Place    | Note
-------+----------+-------------------------------------------
     0 | D:1      | shoop the Demonspawn Artificer began the quest for the Orb.
     0 | D:1      | Reached XP level 1. HP: 15/15 MP: 1/1
    47 | D:1      | Found a faded altar of an unknown god.
    82 | D:1      | Reached skill level 1 in Dodging
   187 | D:1      | Reached skill level 1 in Stealth
   490 | D:1      | Gained mutation: You are partially covered in sharp spines.
                  | [demonic ancestry]
   490 | D:1      | Reached XP level 2. HP: 22/22 MP: 2/2
   743 | D:1      | Found Onnoruups's Magic Scroll Boutique.
   966 | D:2      | Reached skill level 1 in Polearms
  1008 | D:2      | Reached XP level 3. HP: 27/27 MP: 3/3
  1216 | D:2      | Gained mutation: You have a pair of small antennae on your
                  | head. [demonic ancestry]
  1216 | D:2      | Reached XP level 4. HP: 26/33 MP: 4/4
  1706 | D:2      | You fall into a shaft and drop 1 floor!
  1781 | D:3      | Found a shimmering blue altar of Sif Muna.
  1790 | D:3      | Became a worshipper of Sif Muna the Loreminder
  1831 | D:3      | Reached skill level 1 in Invocations
  1934 | D:3      | Gained mutation: When seriously injured, your bleeding
                  | wounds create armour. (AC +9) [demonic ancestry]
  1934 | D:3      | Reached XP level 5. HP: 38/38 MP: 6/6
  1937 | D:3      | Reached skill level 1 in Spellcasting
  1937 | D:3      | Reached skill level 2 in Invocations
  2341 | D:3      | Noticed Robin
  2351 | D:3      | Reached skill level 3 in Invocations
  2357 | D:3      | Reached * piety under Sif Muna
  2361 | D:3      | Killed Robin
  2371 | D:3      | Found a glowing drain.
  2380 | Sewer    | Entered a sewer
  2596 | Sewer    | Reached skill level 4 in Invocations
  2596 | Sewer    | Gained mutation: When seriously injured, your bleeding
                  | wounds create thick armour. (AC +9) [demonic ancestry]
  2596 | Sewer    | Reached XP level 6. HP: 29/44 MP: 9/9
  2909 | Sewer    | Reached skill level 5 in Invocations
  3094 | Sewer    | Gained mutation: Your demonic aura sometimes causes spilled
                  | blood to erupt in flames. [demonic ancestry]
  3094 | Sewer    | Reached XP level 7. HP: 39/50 MP: 12/12
  3540 | Sewer    | Reached skill level 6 in Invocations
  3540 | Sewer    | Reached skill level 1 in Throwing
  3883 | D:2      | Identified the +9 hunting sling of Lupseuv {freeze, rPois}
  4124 | D:3      | Noticed Ijyb
  4461 | D:2      | Noticed Terence
  4464 | D:2      | Killed Terence
  4584 | D:3      | Killed Ijyb
  4585 | D:3      | Reached skill level 1 in Slings
  4625 | D:3      | Found an ancient bone altar of Kikubaaqudgha.
  4891 | D:4      | Reached ** piety under Sif Muna
  5269 | D:4      | Found an opulent altar of Gozag.
  5271 | D:4      | You fall into a shaft and drop 3 floors!
  5279 | D:7      | Gained mutation: You are mostly covered in sharp spines.
                  | [demonic ancestry]
  5279 | D:7      | Reached XP level 8. HP: 56/56 MP: 14/14
  5334 | D:7      | Found a flagged portal.
  5462 | D:7      | Reached skill level 5 in Slings
  5673 | Bailey   | Entered a bailey
  5677 | Bailey   | Noticed an orc knight
  5714 | Bailey   | Killed an orc warrior
  5731 | Bailey   | Killed an orc knight
  5732 | Bailey   | Reached XP level 9. HP: 8/61 MP: 15/15
  5734 | Bailey   | HP: 3/61 [orc warrior/bolt (6)]
  5749 | Bailey   | Killed an orc warrior
  6169 | Bailey   | Noticed an orc knight
  6359 | D:6      | Found Rotz's Book Shop.
  6363 | D:5      | Entered Level 5 of the Dungeon
  6376 | D:5      | Reached *** piety under Sif Muna
  6456 | D:5      | Noticed Edmund
  6462 | D:5      | Killed Edmund
  6637 | D:5      | Noticed Eustachio
  6642 | D:5      | Killed Eustachio
  7068 | D:4      | Reached skill level 10 in Slings
  7184 | D:4      | Found a hazy altar of Hepliaklqana.
  7187 | D:4      | Found a burning altar of Makhleb.
  7190 | D:4      | Found a radiant altar of Vehumet.
  7636 | D:6      | Reached XP level 10. HP: 67/67 MP: 16/16
  7804 | D:6      | Found a staircase to the Ecumenical Temple.
  7934 | D:1      | Bought a scroll of vulnerability for 90 gold pieces
  7934 | D:1      | Bought a scroll of enchant armour for 90 gold pieces
  7934 | D:1      | Bought a scroll of fog for 24 gold pieces
  7934 | D:1      | Bought a scroll of noise for 12 gold pieces
  8250 | D:6      | Noticed Pikel
  8277 | D:6      | Killed Pikel
  8791 | D:7      | Found a shadowy altar of Dithmenos.
  8791 | D:7      | Found a stormy altar of Qazlal.
  9395 | D:8      | Reached **** piety under Sif Muna
 10278 | D:9      | Noticed a two-headed ogre
 10298 | D:9      | Killed a two-headed ogre
 10299 | D:9      | Reached skill level 1 in Shields
 10367 | D:9      | Noticed an elephant
 10743 | D:9      | Found a staircase to the Lair.
 10758 | D:9      | Reached XP level 11. HP: 75/75 MP: 17/17
 10828 | D:10     | Entered Level 10 of the Dungeon
 10850 | D:10     | Noticed a two-headed ogre
 10852 | D:10     | Killed a two-headed ogre
 11017 | D:10     | Noticed Maggie
 11243 | D:10     | Noticed a boulder beetle
 11771 | D:11     | Reached skill level 5 in Evocations
 12003 | D:11     | Identified the +0 robe "Xygery" {Dex+3}
 12042 | D:11     | Reached skill level 5 in Fighting
 12070 | D:11     | Reached ***** piety under Sif Muna
 12189 | D:11     | Noticed a two-headed ogre
 12492 | D:11     | Reached skill level 5 in Dodging
 12579 | D:11     | Killed a two-headed ogre
 12661 | D:11     | Received a gift from Sif Muna
 12676 | D:11     | Identified the +7 short sword "Huciso" {drain, *Slow Int+7
                  | Dex+5}
 13181 | D:1      | Bought a scroll of summoning for 114 gold pieces
 13428 | D:12     | You fall into a shaft and drop 2 floors!
 13429 | D:14     | Noticed a centaur warrior
 13429 | D:14     | Noticed a deep elf archer
 13432 | D:14     | Noticed a deep elf pyromancer
 13433 | D:14     | Noticed a death knight
 13437 | D:14     | Killed a deep elf pyromancer
 13440 | D:14     | Noticed a centaur warrior
 13443 | D:14     | Noticed a boulder beetle
 13449 | D:14     | HP: 1/83 [centaur warrior/arrow (28)]
 13454 | D:14     | Killed a centaur warrior
 13454 | D:14     | Killed a boulder beetle
 13455 | D:14     | Gained mutation: Your demonic aura often causes spilled
                  | blood to erupt in flames. [demonic ancestry]
 13455 | D:14     | Reached XP level 12. HP: 28/91 MP: 18/18
 14011 | D:12     | Found a staircase to the Orcish Mines.
 14325 | Orc:1    | Entered Level 1 of the Orcish Mines
 14325 | Orc:1    | Noticed Sonja
 14336 | Orc:1    | Noticed Erica
 14336 | Orc:1    | Noticed Jorgrun
 14443 | Lair:1   | Entered Level 1 of the Lair of Beasts
 14524 | Lair:1   | Found a frozen archway.
 14594 | Lair:1   | Noticed a five-headed hydra
 14624 | Lair:1   | Reached skill level 7 in Invocations
 14702 | Lair:1   | You fall into a shaft and drop 1 floor!
 14848 | IceCv    | Entered an ice cave
 14864 | IceCv    | Reached skill level 8 in Invocations
 14953 | IceCv    | Identified the +7 scale mail of Light {Fly Regen+ rCorr
                  | Stlth-}
 15027 | IceCv    | Reached skill level 9 in Invocations
 15271 | Lair:1   | Noticed a boulder beetle
 15294 | Lair:1   | Killed a boulder beetle
 15441 | Lair:1   | Reached skill level 10 in Invocations
 15507 | Lair:1   | Noticed Tipnoph's ghost (novice DrTm)
 15508 | Lair:1   | Found a transporter.
 15529 | Lair:1   | Found a transporter.
 15682 | Lair:1   | Noticed Urug
 15695 | Lair:1   | Killed Urug
 16123 | Lair:2   | Reached XP level 13. HP: 98/98 MP: 19/21
 16527 | Lair:2   | Reached skill level 5 in Armour
 16581 | Lair:2   | Reached skill level 11 in Invocations
 16777 | Lair:2   | Found a hole to the Spider Nest.
 16780 | Lair:2   | Identified Sif Muna's Volume of Hexes and Darkness (Sif
                  | Muna gifted it to you on level 2 of the Lair of Beasts)
 16780 | Lair:2   | Received a gift from Sif Muna
 17220 | Lair:3   | Identified the +3 quarterstaff of Circularity {vorpal, rC+
                  | Str+5}
 17319 | Lair:3   | Found a staircase to the Swamp.
 17340 | Lair:3   | Reached skill level 12 in Invocations
 17448 | Lair:3   | Noticed Snorg
 17462 | Lair:3   | Killed Snorg
 17786 | Lair:3   | Noticed Nergalle
 17798 | Lair:3   | Killed Nergalle
 18694 | Lair:4   | Reached skill level 13 in Invocations
 19697 | Lair:5   | Found a runed translucent door.
 19699 | Lair:5   | Found a viscous altar of Jiyva.
 19972 | Lair:5   | Found a staircase to the Slime Pits.
 20244 | Lair:6   | Entered Level 6 of the Lair of Beasts
 20448 | Lair:6   | Reached XP level 14. HP: 106/106 MP: 24/24
 20455 | Lair:6   | Identified Kerr's Incunabulum of Conjuration (Sif Muna
                  | gifted it to you on level 6 of the Lair of Beasts)
 20455 | Lair:6   | Received a gift from Sif Muna
 20674 | Lair:6   | Reached skill level 14 in Invocations
 21636 | Lair:6   | Reached skill level 10 in Fighting
 22312 | D:1      | Bought a scroll of acquirement for 624 gold pieces
 22312 | D:1      | Acquired a manual of Dodging
 22617 | D:13     | Reached skill level 15 in Invocations
 22822 | D:13     | Learned a level 2 spell: Passwall
 22959 | D:11     | Reached skill level 1 in Transmutations
 22959 | D:11     | Reached skill level 1 in Earth Magic
 23126 | D:12     | Reached skill level 10 in Dodging
 23458 | D:13     | Found Suluilie's General Store.
 23499 | D:13     | Found a shimmering altar of Xom.
 23502 | D:13     | Found a shimmering altar of Xom.
 23504 | D:13     | Found a shimmering altar of Xom.
 23504 | D:13     | Found a shimmering altar of Xom.
 23505 | D:13     | Found a shimmering altar of Xom.
 23506 | D:13     | Found a shimmering altar of Xom.
 23507 | D:13     | Found a shimmering altar of Xom.
 23507 | D:13     | Found a shimmering altar of Xom.
 23507 | D:13     | Found a shimmering altar of Xom.
 23511 | D:13     | You are sucked into a shaft and drop 2 floors!
 23511 | D:15     | Entered Level 15 of the Dungeon
 23590 | D:15     | Identified Sif Muna's Compendium of the Lethal Escort (Sif
                  | Muna gifted it to you on level 15 of the Dungeon)
 23590 | D:15     | Received a gift from Sif Muna
 24166 | D:15     | Reached XP level 15. HP: 115/115 MP: 26/26
 24219 | D:15     | Found Nebeg's Assorted Antiques.
 24450 | D:14     | Found Holebaj's Book Shoppe.
 24480 | D:14     | Found Hosyfa's Assorted Antiques.
 24552 | D:14     | You are sucked into a shaft and drop 1 floor!
 24674 | D:14     | Found Qifuydua's Jewellery Emporium.
 25294 | D:14     | Found Otodilal's Book Shop.
 25311 | D:14     | Found Sonenk's Weapon Emporium.
 25621 | D:13     | Found Doibb's Magic Scroll Shop.
 25918 | D:13     | Acquired 316 gold pieces
 25933 | D:13     | Found a gate to the Vaults.
 25936 | D:13     | Identified Plog's Incunabulum of Torrid Lightness
 25949 | D:13     | Learned a level 3 spell: Swiftness
 26024 | D:14     | Bought a smoking steel ring for 155 gold pieces
 26024 | D:14     | Identified the ring "Henuuses" {Ice rN+ Will+ Dex+2} (You
                  | bought it in a shop on level 14 of the Dungeon)
 26072 | D:13     | Bought a scroll of magic mapping for 66 gold pieces
 26241 | Lair:1   | Killed Tipnoph's ghost
 26286 | Lair:1   | Reached skill level 1 in Air Magic
 26316 | Lair:1   | Identified the amulet "Sogitt" {Faith Regen+ Str+9}
 26551 | D:12     | Killed Erica
 26552 | D:12     | Killed Sonja
 26576 | D:12     | Killed Jorgrun
 26621 | Orc:1    | Found Onibetomm's General Store.
 26789 | Orc:1    | Noticed an orc warlord
 26808 | Orc:1    | Killed an orc warlord
 26808 | Orc:1    | Identified Sif Muna's Collected Works on Spatial Flight
                  | (Sif Muna gifted it to you on level 1 of the Orcish Mines)
 26808 | Orc:1    | Received a gift from Sif Muna
 26830 | Orc:1    | Learned a level 2 spell: Blink
 27175 | Orc:2    | Entered Level 2 of the Orcish Mines
 27249 | Orc:2    | Noticed Nessos
 27255 | Orc:2    | Killed Nessos
 27310 | Orc:2    | Reached skill level 1 in Translocations
 27393 | Orc:2    | Noticed an orc warlord
 27407 | Orc:2    | Killed an orc warlord
 27481 | Orc:2    | Found a staircase to the Elven Halls.
 27803 | Orc:2    | Noticed an orc warlord
 27956 | Orc:1    | Killed an orc warlord
 28060 | Orc:2    | Reached skill level 5 in Spellcasting
 28141 | Orc:2    | Identified Sif Muna's Papyrus of the Enthralling Voyage
                  | (Sif Muna gifted it to you on level 2 of the Orcish Mines)
 28141 | Orc:2    | Received a gift from Sif Muna
 28547 | Orc:2    | Found Qahuwone's Antique Weapon Shoppe.
 28550 | Orc:2    | Found Raosein's Antique Armour Shop.
 28567 | Orc:2    | Found Naifiy's Weapon Shop.
 28569 | Orc:2    | Found Arghou Neyffa's Weapon Shoppe.
 28744 | Orc:2    | Bought an ancient leather armour for 217 gold pieces
 28744 | Orc:2    | Identified the +1 leather armour of the Devil's Advocate
                  | {rC- rN+ Dex+2} (You bought it in a shop on level 2 of the
                  | Orcish Mines)
 28967 | Swamp:1  | Entered Level 1 of the Swamp
 29373 | Swamp:1  | Gained mutation: You have a pair of antennae on your head.
                  | [demonic ancestry]
 29373 | Swamp:1  | Reached XP level 16. HP: 122/122 MP: 27/27
 29422 | Swamp:1  | Identified the +1 leather armour of the Hidden Vale {rN+}
 29502 | Swamp:1  | Reached skill level 5 in Air Magic
 29523 | Swamp:1  | Noticed Aizul
 29543 | Swamp:1  | HP: 6/123 [alligator (16)]
 29544 | Swamp:1  | Killed Aizul
 29546 | Swamp:1  | Slain by a bunyip

Illustrated notes

Levels and vault maps discovered:
D:1:      shiori_arrival_maze, layout_basic, serial_shops, nicolae_shop_crystal,
          hellmonk_ecumenical_altar_heavens_door, serial_bayou_crossing
D:2:      layout_basic, dk_noncrumbling_3, minivault_27, chequers_arboretum,
          minmay_circle_x, uniq_terence
D:3:      layout_basic, lemuel_crystal_altar, old_standard_altar, serial_rivers,
          chequers_serial_rivers_micro_b, chequers_serial_rivers_micro_a,
          chequers_serial_rivers_small_b, chequers_serial_rivers_large_b,
          portal_sewer_entry_d, uniq_robin, uniq_ijyb
D:4:      layout_loops_corners, grunt_temple_overflow_diamond,
          grunt_gozag_statues, minmay_misc_feat_iff
D:5:      layout_gridville, kennysheep_generic_room_9, uniq_eustachio,
          uniq_edmund
D:6:      layout_loops_cross, temple_fountains, serial_shops, shop, uniq_pikel
D:7:      layout_gridville, gammafunk_temple_overflow_pools, enter_bailey_2
D:8:      layout_basic, grunt_decor_resistance
D:9:      layout_loops_ring, david_lair_generic, kennysheep_generic_room_15
D:10:     layout_loops_cross, uniq_maggie
D:11:     layout_basic
D:12:     hangedman_arrow_trap, layout_rooms, orc_0_dummy, special_room
          [special_room_orc]
D:13:     layout_layer_cave, david_vaults_5, serial_shops, nicolae_shop_stone,
          nicolae_shop_stone, xom_redecorated
D:14:     kennysheep_bubbly, layout_loops_ring, serial_shops,
          nicolae_shop_statue_plus, shop, nicolae_shop_behind_doors, shop, shop,
          minivault_4, st_stairs_5, grunt_ministairs_8
D:15:     grunt_enter_depths_magical_seal, layout_loops_corners, serial_shops,
          shop, lemuel_round_altar
Lair:1:   layout_regular_city, portal_ice_cave_demonic_guard,
          gammafunk_ghost_hive, uniq_urug
Lair:2:   layout_cave_pods, spider_nest_entry_funnel_web,
          eino_house_with_fridge, grunt_megastairs_1
Lair:3:   layout_cave_pods, minmay_swamp_entry_worms,
          infiniplex_staircase_pool_2, uniq_nergalle, uniq_snorg
Lair:4:   layout_cellular_growth
Lair:5:   layout_misc_corridors, slime_altar_2, minmay_holes,
          kennysheep_basilisk_garden
Lair:6:   hangedman_lair_tendril_chambers, layout_loops_ring,
          minmay_lair_oklob_items, small_statue_intersection, dpeg_oklob_1
Swamp:1:  layout_basic_swamp, hangedman_swamp_ruin_wall, swamp_pool3,
          infiniplex_staircase_pool, uniq_aizul
Orc:1:    layout_caves, serial_shops, shop, uniq_sonja, uniq_erica, uniq_jorgrun
Orc:2:    st_orc_elflike, layout_diamond_mine, basic_altar,
          nicolae_orc_stony_grotto, uniq_nessos

Skill      XL: |  1  2  3  4  5  6  7  8  9 10 11 12 13 14 15 16 |
---------------+-------------------------------------------------+-----
Dodging        | 1 2 3 6 8 10 14 | 14.0
Stealth        | 1 2 3 4 |  4.0
Armour         | 2 4 8 9 |  9.5
Fighting       | 2 3 7 8 10 | 10.5
Polearms       | 1 2 |  2.0
Invocations    | 1 4 5 6 10 13 15 | 15.0
Spellcasting   | 2 3 4 5 |  5.2
Throwing       | 1 |  1.5
Slings         | 3 8 10 11 | 11.9
Shields        | 2 4 |  4.0
Evocations     | 4 6 |  6.0
Transmutations | 2 4 |  4.0
Earth Magic    | 2 3 |  3.0
Air Magic      | 4 5 |  5.0
Translocations | 4 |  4.0

Action                   |  1- 3 |  4- 6 |  7- 9 | 10-12 | 13-15 | 16-18 || total
-------------------------+-------+-------+-------+-------+-------+-------++-------
Melee: Club              |    49 |       |       |       |       |       ||    49
       Spear             |    43 |   164 |    73 |       |       |       ||   280
 Fire: Hunting sling     |       |       |   189 |   709 |  1535 |    43 ||  2476
 Cast: Passwall          |       |       |       |       |     1 |       ||     1
       Blink             |       |       |       |       |     3 |       ||     3
       Tornado           |       |       |       |       |       |     1 ||     1
Invok: Divine Exegesis   |       |       |       |       |       |     1 ||     1
Evoke: Piece from Xom's  |     1 |       |     1 |       |       |       ||     2
       Wand              |       |       |     6 |     4 |     2 |       ||    12
       Condenser vane    |       |       |       |     1 |     1 |       ||     2
  Use: Scroll            |       |       |     1 |    11 |    13 |       ||    25
       Potion            |       |       |     1 |     1 |     1 |     2 ||     5
 Stab: Confused          |     1 |       |       |       |       |       ||     1
       Sleeping          |     2 |     3 |     3 |       |       |       ||     8
Armor: Leather armour    |    31 |    28 |    12 |    11 |       |       ||    82
       Troll leather arm |       |       |       |     6 |       |       ||     6
       Scale mail        |       |       |       |    17 |    81 |    14 ||   112
Dodge: Dodged            |    45 |    55 |    26 |    57 |   117 |    14 ||   314
Block: Buckler           |       |       |       |    34 |    64 |     6 ||   104
       Reflection        |       |       |       |     4 |     1 |       ||     5

Table legend: (Time is in decaauts)
 A = Elapsed time spent in this place.
 B = Non-inter-level travel time spent in this place.
 C = Inter-level travel time spent in this place.
 D = Time resting spent in this place.
 E = Time spent auto-exploring this place.
 F = Levels seen in this place.
 G = Mean time per level.
                   A        B        C        D        E       F      G
               +--------+--------+--------+--------+--------+-----+--------+
         Total |  28985 |  25088 |   3897 |   1347 |  18481 |  27 | 1073.5 |
       Dungeon |  16890 |  13895 |   2995 |    748 |  10407 |  15 | 1126.0 |
          Lair |   7425 |   6780 |    645 |     66 |   5491 |   6 | 1237.5 |
         Swamp |    281 |    256 |     25 |      0 |    141 |   1 |  281.0 |
  Orcish Mines |   2114 |   1883 |    231 |     57 |   1305 |   2 | 1057.0 |
         Sewer |   1453 |   1453 |      0 |    130 |   1054 |   1 | 1453.0 |
        Bailey |    504 |    504 |      0 |    318 |     59 |   1 |  504.0 |
      Ice Cave |    315 |    315 |      0 |     28 |     23 |   1 |  315.0 |
               +--------+--------+--------+--------+--------+-----+--------+

Top non-repeatable levels by time:
  Lair:6: 1621 daAuts
    D:11: 1566 daAuts
   Sewer: 1453 daAuts
     D:3: 1445 daAuts
  Lair:2: 1425 daAuts
     D:2: 1382 daAuts
   Orc:2: 1338 daAuts
    D:13: 1270 daAuts
    D:12: 1237 daAuts
  Lair:1: 1225 daAuts
  Lair:3: 1219 daAuts
     D:1: 1174 daAuts
    D:14: 1162 daAuts
     D:9: 1158 daAuts
     D:7: 1113 daAuts
